 Dungeon Crawl Stone Soup version 0.31-a0-826-ga5cc291a1b (webtiles) character file.

Game seed: 8378564087836807537

1953 qw the Skirmisher (level 9, -4/56 HPs)
             Began as a Gargoyle Hunter on Sept 23, 2023.
             Was a Follower of Okawaru.
             Killed by divine providence
             ... invoked by Jeremiah
              (9 damage)
             ... on level 7 of the Dungeon.
             The game lasted 00:02:34 (5624 turns).

qw the Skirmisher (Gargoyle Hunter)                 Turns: 5624, Time: 00:02:34

Health: -4/56      AC: 16    Str: 15    XL:     9   Next: 19%
Magic:  12/12      EV: 18    Int: 10    God:    Okawaru [*.....]
Gold:   301        SH:  0    Dex: 23    Spells: 8/8 levels left

rFire   . . .        Y - +0 orcbow
rCold   + . .        (shield currently unavailable)
rNeg    + + .        l - +4 Cigotuvi's embrace {Corpsefed rMiasma Drain rN+}
rPois   inf          b - +0 helmet
rElec   +            h - +0 cloak
rCorr   .            (no gloves)
SInv    .            (no boots)
Will    .....        (no amulet)
Stlth   +++          c - +6 ring of dexterity
HPRegen 0.29/turn    o - ring of protection from cold
MPRegen 0.13/turn

%: no passive effects
@: about to teleport, heroic
A: sickness immunity, AC +6, negative energy resistance 1, electricity
resistance, torment resistance 1, petrification resistance
a: Renounce Religion, Heroism


You were on level 7 of the Dungeon.
You worshipped Okawaru.
Okawaru was aware of your devotion.
You visited 2 branches of the dungeon, and saw 8 of its levels.

You collected 301 gold pieces.


Innate Abilities, Weirdness & Mutations

You are immune to sickness and miasma.
Your stone body is resilient. (AC +6)
You are immune to poison.
You resist negative energy. (rN+)
You are resistant to electric shocks. (rElec)
You are resistant to unholy torment.
You are immune to petrification.


   Skills:
 - Level 6.6(11.6) Fighting
 + Level 9.3(14.3) Ranged Weapons
 - Level 1.6(6.6) Armour
 - Level 3.1(8.1) Dodging
 - Level 1.1(6.1) Stealth
 - Level 4.5 Invocations


You had 8 spell levels left.
You didn't know any spells.
Your spell library was empty.

Inventory:

Hand Weapons
 Y - a +0 orcbow (weapon)
Armour
 b - a +0 helmet (worn)
 h - a +0 cloak (worn)
 l - the +4 Cigotuvi's embrace (worn) {Corpsefed rMiasma Drain rN+}
   (You found it on level 5 of the Dungeon)

   Corpsefed: It gathers nearby corpses to temporarily increase the armour it
   provides.
   rMiasma:   It protects you from foul pestilence.
   rN+:       It protects you from negative energy.
   Drain:     It drains your maximum health when unequipped.
Jewellery
 c - a +6 ring of dexterity (left hand)
 n - the ring of Quiloubb {Wiz Slay+2}
   (You acquired it on level 6 of the Dungeon)

   [ring of wizardry]

   Wiz:       It improves your spell success rate.
   Slay+2:    It affects your accuracy & damage with ranged weapons and melee
   (+2).
 o - a ring of protection from cold (right hand)
Scrolls
 g - a scroll of identify
Potions
 a - a potion of heal wounds
 d - 3 potions of mutation
 e - a potion of haste
 f - a potion of curing
 i - a potion of might
 j - a potion of attraction {unknown}
 p - a potion of ambrosia {unknown}

Dungeon Overview and Level Annotations

Branches:
Dungeon (7/15)             Temple (1/1) D:5

Altars:
Ashenzari
Dithmenos
Fedhas
Hepliaklqana
Kikubaaqudgha
Nemelex Xobeh
Okawaru
Qazlal
Ru
Sif Muna
Uskayaw
Vehumet
Xom
The Shining One

Annotations:
D:3 2 transporters
D:7 Jeremiah


Message History

Jeremiah is almost dead.
Jeremiah hits you from afar with a +4 trident of draining.
Jeremiah shouts, "O dreadful one, destroy my foe!"
Something smites you!
5607 ||| INVOKING Heroism.
You gain the combat prowess of a mighty hero.
The butterfly disappears in a burst of colours!
Jeremiah shouts, "O dreadful one, destroy my foe!"
Something smites you!
The butterfly disappears in a burst of colours!
Jeremiah hits you from afar with a +4 trident of draining!
Jeremiah cries, "Fearful master, protect me!"
Something smites you!
5610 ||| READING 2 scrolls of teleportation.
As you read the scroll of teleportation, it crumbles to dust.
You feel strangely unstable.
The butterfly disappears in a burst of colours!
Jeremiah closely misses you.
5611 ||| DRINKING 2 potions of heal wounds.
You feel much better.
The butterfly disappears in a burst of colours! x2
Jeremiah hops!
The butterfly disappears in a burst of colours!
Jeremiah cries, "Fearful master, protect me!"
Something smites you!
The butterfly disappears in a burst of colours! x3
Your surroundings suddenly seem different.
You start resting.
Jeremiah is nearby!
5622 ||| FLEEEEING.
5623 ||| FLEEEEING.
Jeremiah throws their arms up pleadingly.
Something smites you!
5624 ||| READING scroll of teleportation.
As you read the scroll of teleportation, it crumbles to dust.
You feel strangely unstable.
Jeremiah mumbles a slurred invocation.
Something smites you!
You die...
Jeremiah asks, "What happened?
Did... did you die?"

#.<.# ##..###... #...# #......# .
########...# #.###.....
...##......### #.# ##.
................ ##.###.#
............###########......#
............# #.........#####
............# #........[#
>...........# #@........# ###
............####.......b######...
........).............bb......(..
.......)...###........bF....b#...
...##......# #.########...bF.....
#######.##.###.# #####..b......
#....#...# #......##.....
#)).....## #.####....####
#.##.....#####.####Fb....##


You could see Jeremiah.

Vanquished Creatures
  Maggie (D:7)
  A steam dragon (D:6)
  An orc warrior (D:7)
  2 black bears (D:5)
  A sky beast (D:6)
  An ogre (D:6)
  A centaur (D:6)
  A phantom (D:4)
  A bullfrog (D:6)
  5 wights (D:6)
  An orc priest (D:5)
  2 hounds
  3 sleepcaps
  Terence (D:2)
  Jessica (D:2)
  An iguana (D:6)
  Ijyb (D:4)
  3 orc wizards (D:4)
  4 gnolls (D:6)
  8 adders
  A shadow imp (D:7)
  3 white imps
  An ufetubus (D:5)
  2 worms
  2 dart slugs (D:4)
  30 orcs
  7 endoplasms
  A giant cockroach (D:1)
  6 hobgoblins
  3 jackals (D:5)
  4 kobolds
  2 quokkas (D:4)
  5 ball pythons
  2 bats (D:1)
  5 frilled lizards
  6 goblins
  3 rats
123 creatures vanquished.

Notes
Turn   | Place    | Note
-------+----------+-------------------------------------------
     0 | D:1      | qw the Gargoyle Hunter began the quest for the Orb.
     0 | D:1      | Reached XP level 1. HP: 12/12 MP: 1/1
     0 | D:1      | 0 ||| qw: Version: 0.3-a-83-gcd0e7d8
     0 | D:1      | 0 ||| qw: Game counter: 1925
     0 | D:1      | 0 ||| qw: Melee chars always use a shield: true
     0 | D:1      | 0 ||| qw: God list: Okawaru
     0 | D:1      | 0 ||| qw: Allow faded altars: false
     0 | D:1      | 0 ||| qw: Do Orc after clearing Dungeon:15 true
     0 | D:1      | 0 ||| qw: Do second Lair branch before Depths: true
     0 | D:1      | 0 ||| qw: Lair rune preference: random
     0 | D:1      | 0 ||| qw: Goals: Normal
     0 | D:1      | 0 ||| PLANNING D:1-11
   111 | D:1      | Reached XP level 2. HP: 17/17 MP: 2/2
   295 | D:1      | You fall into a shaft and drop 1 floor!
   296 | D:2      | 296 ||| READING 3 scrolls labelled SAEHUODGHE.
   397 | D:2      | 397 ||| READING scroll labelled PUBREG HUKAPH.
   398 | D:2      | 398 ||| READING scroll labelled WITONK SILAOBLAD.
   399 | D:2      | 399 ||| DRINKING 3 purple potions.
   400 | D:2      | 400 ||| DROPPING 2 scrolls of silence.
   401 | D:2      | 401 ||| DROPPING scroll of butterflies.
   679 | D:2      | Noticed Terence
   686 | D:2      | HP: 2/17 [Terence/+0 falchion (6)]
   687 | D:2      | 687 ||| DRINKING 2 potions of heal wounds.
   693 | D:2      | Killed Terence
   694 | D:2      | Reached skill level 5 in Ranged Weapons
   694 | D:2      | Reached XP level 3. HP: 7/21 MP: 3/3
  1021 | D:2      | Noticed Jessica
  1025 | D:2      | Killed Jessica
  1026 | D:2      | Reached skill level 3 in Fighting
  1026 | D:2      | Reached XP level 4. HP: 22/28 MP: 4/4
  1210 | D:2      | Found a faded altar of an unknown god.
  1389 | D:2      | 1389 ||| UPGRADING to +0 ring mail.
  1399 | D:2      | 1399 ||| DROPPING +0 leather armour.
  1400 | D:2      | 1400 ||| DROPPING amulet of magic regeneration.
  1401 | D:2      | 1401 ||| DROPPING ring of flight.
  1402 | D:2      | 1402 ||| READING scroll labelled UNICEL QEIPS.
  1403 | D:2      | 1403 ||| DRINKING 2 red potions.
  1404 | D:2      | 1404 ||| DROPPING potion of degeneration.
  1528 | D:3      | Found a radiant altar of Vehumet.
  1581 | D:3      | Reached skill level 1 in Armour
  1604 | D:3      | HP: 6/28 [frozen (5)]
  1605 | D:3      | 1605 ||| DRINKING 2 potions of heal wounds.
  1612 | D:3      | HP: 7/28 [frozen (1)]
  1613 | D:3      | 1613 ||| DRINKING potion of heal wounds.
  1708 | D:3      | Found a transporter.
  1744 | D:3      | Found a transporter.
  1761 | D:3      | Reached XP level 5. HP: 32/32 MP: 5/5
  1990 | D:3      | 1990 ||| UPGRADING to +0 cloak.
  1995 | D:3      | 1995 ||| UPGRADING to +6 ring of dexterity.
  1996 | D:3      | 1996 ||| READING scroll labelled JIARCHU MISAQUL.
  1997 | D:3      | 1997 ||| READING scroll labelled SUCI QIPNELU.
  1998 | D:3      | 1998 ||| DRINKING 2 cyan potions.
  1999 | D:3      | 1999 ||| DROPPING potion of brilliance.
  2047 | D:4      | Reached skill level 6 in Ranged Weapons
  2099 | D:4      | 2099 ||| FLEEEEING.
  2236 | D:4      | Noticed a phantom
  2243 | D:4      | 2243 ||| Stepping ~*~*~tactically~*~*~ (retreating).
  2246 | D:4      | 2246 ||| Stepping ~*~*~tactically~*~*~ (retreating).
  2247 | D:4      | 2247 ||| Stepping ~*~*~tactically~*~*~ (retreating).
  2248 | D:4      | 2248 ||| Stepping ~*~*~tactically~*~*~ (retreating).
  2249 | D:4      | 2249 ||| Stepping ~*~*~tactically~*~*~ (retreating).
  2250 | D:4      | 2250 ||| Stepping ~*~*~tactically~*~*~ (retreating).
  2254 | D:4      | Reached XP level 6. HP: 27/38 MP: 6/6
  2372 | D:4      | Noticed Ijyb
  2387 | D:4      | Killed Ijyb
  2901 | D:4      | 2901 ||| UPGRADING to +0 helmet.
  2906 | D:4      | 2906 ||| READING scroll labelled IXAUFE QUFI.
  2934 | D:5      | Entered Level 5 of the Dungeon
  3003 | D:5      | Noticed a black bear
  3011 | D:5      | Killed a black bear
  3012 | D:5      | Reached XP level 7. HP: 35/43 MP: 7/7
  3093 | D:5      | Reached skill level 7 in Ranged Weapons
  3101 | D:5      | Found the +4 Cigotuvi's embrace {Corpsefed rMiasma Drain
                  | rN+}
  3216 | D:5      | Found a staircase to the Ecumenical Temple.
  3217 | D:5      | 3217 ||| PLANNING TEMPLE
  3217 | D:5      | 3217 ||| UPGRADING to +4 Cigotuvi's embrace {Corpsefed
                  | rMiasma Drain rN+}.
  3227 | D:5      | 3227 ||| DROPPING +0 ring mail.
  3228 | D:5      | 3228 ||| READING scroll labelled BIJIPL OLEIL IGOW.
  3256 | Temple   | Entered the Ecumenical Temple
  3257 | Temple   | 3257 ||| PLANNING OKAWARU WORSHIP
  3264 | Temple   | Became a worshipper of Warmaster Okawaru
  3265 | Temple   | 3265 ||| PLANNING D:1-11
  3899 | D:5      | 3899 ||| READING scroll labelled FUOROSMOUCU.
  3900 | D:5      | 3900 ||| READING 2 scrolls of identify.
  3900 | D:5      | 3900 ||| IDENTIFYING metallic grey potion
  3912 | D:6      | Reached skill level 8 in Ranged Weapons
  4013 | D:6      | Found a blossoming altar of Fedhas.
  4017 | D:6      | Reached * piety under Okawaru
  4148 | D:6      | Found a glowing golden altar of the Shining One.
  4149 | D:6      | 4149 ||| SWAPPING to +0 orcbow.
  4150 | D:6      | 4150 ||| DROPPING +0 shortbow of electrocution.
  4166 | D:6      | Reached XP level 8. HP: 46/49 MP: 8/8
  4208 | D:6      | Reached skill level 1 in Invocations
  4261 | D:6      | 4261 ||| INVOKING Heroism.
  4279 | D:6      | 4279 ||| INVOKING Heroism.
  4282 | D:6      | Reached skill level 3 in Invocations
  4443 | D:6      | 4443 ||| INVOKING Heroism.
  4631 | D:6      | 4631 ||| INVOKING Heroism.
  4634 | D:6      | 4634 ||| Stepping ~*~*~tactically~*~*~ (cloud).
  4638 | D:6      | 4638 ||| Stepping ~*~*~tactically~*~*~ (cloud).
  4639 | D:6      | 4639 ||| Stepping ~*~*~tactically~*~*~ (cloud).
  4647 | D:6      | Reached skill level 9 in Ranged Weapons
  4647 | D:6      | 4647 ||| Stepping ~*~*~tactically~*~*~ (cloud).
  4894 | D:6      | 4894 ||| READING scroll labelled TELI DAUMEUSUC.
  4894 | D:6      | Identified a scroll of acquirement
  4894 | D:6      | 4894 ||| ACQUIRING ring of Quiloubb {Wiz Slay+2}
  4894 | D:6      | Acquired the ring of Quiloubb {Wiz Slay+2}
  4896 | D:6      | 4896 ||| UPGRADING to ring of Quiloubb {Wiz Slay+2}.
  4897 | D:6      | 4897 ||| DRINKING 2 yellow potions.
  4933 | D:6      | 4933 ||| READING 4 scrolls of identify.
  4933 | D:6      | 4933 ||| IDENTIFYING white potion
  4934 | D:6      | 4934 ||| READING 3 scrolls of identify.
  4934 | D:6      | 4934 ||| IDENTIFYING coppery potion
  4935 | D:6      | 4935 ||| READING 2 scrolls of identify.
  4935 | D:6      | 4935 ||| IDENTIFYING fizzy brown potion
  4936 | D:6      | 4936 ||| DROPPING potion of lignification.
  4984 | D:7      | Noticed Maggie
  4987 | D:7      | 4987 ||| RETREEAATING.
  4993 | D:7      | 4993 ||| INVOKING Heroism.
  4994 | D:7      | 4994 ||| Stepping ~*~*~tactically~*~*~ (retreating).
  4995 | D:7      | 4995 ||| Stepping ~*~*~tactically~*~*~ (retreating).
  5006 | D:7      | Reached skill level 3 in Dodging
  5011 | D:7      | Killed Maggie
  5012 | D:7      | Reached skill level 6 in Fighting
  5012 | D:7      | Reached XP level 9. HP: 35/56 MP: 12/12
  5128 | D:7      | Found a sacrificial altar of Ru.
  5180 | D:7      | Found a sparkling altar of Nemelex Xobeh.
  5350 | D:7      | Noticed Jeremiah
  5367 | D:7      | 5367 ||| UPGRADING to ring of protection from cold.
  5372 | D:7      | 5372 ||| FLEEEEING.
  5375 | D:7      | 5375 ||| FLEEEEING.
  5399 | D:7      | 5399 ||| FLEEEEING.
  5400 | D:7      | 5400 ||| FLEEEEING.
  5401 | D:7      | 5401 ||| FLEEEEING.
  5402 | D:7      | 5402 ||| FLEEEEING.
  5406 | D:7      | 5406 ||| STAIRDANCE
  5447 | D:6      | 5447 ||| READING scroll labelled JIABAH KEEF.
  5452 | D:7      | 5452 ||| STAIRDANCE
  5507 | D:7      | 5507 ||| FLEEEEING.
  5508 | D:7      | 5508 ||| STAIRDANCE
  5551 | D:7      | 5551 ||| STAIRDANCE
  5607 | D:7      | 5607 ||| INVOKING Heroism.
  5609 | D:7      | HP: 4/56 [Jeremiah/divine providence (12)]
  5610 | D:7      | 5610 ||| READING 2 scrolls of teleportation.
  5611 | D:7      | 5611 ||| DRINKING 2 potions of heal wounds.
  5622 | D:7      | 5622 ||| FLEEEEING.
  5623 | D:7      | 5623 ||| FLEEEEING.
  5623 | D:7      | HP: 5/56 [Jeremiah/divine providence (13)]
  5624 | D:7      | 5624 ||| READING scroll of teleportation.
  5624 | D:7      | Killed from afar by Jeremiah

Levels and vault maps discovered:
D:1:      amcnicky_arrival_double_pillar, layout_rooms
D:2:      layout_basic, shapermc_ecumenical_altar_mp_vishouse, uniq_terence,
          uniq_jessica
D:3:      gammafunk_steamed_eel, layout_basic, lemuel_crystal_altar
D:4:      layout_loops_ring, minmay_unequal, uniq_ijyb
D:5:      layout_basic, minmay_temple_entry_statues_fountains
D:6:      cheibrodos_quashed, layout_basic, fedhas_bush_and_centaur_altar,
          lemuel_crystal_altar
D:7:      layout_rooms, mainiacjoe_overflow_cross_hatched,
          nicolae_ru_sacrificial_ziggurat, uniq_jeremiah,
          uniq_crazy_yiuf_cottage, uniq_maggie
Temple:   hellmonk_temple_rainy

Skill      XL: |  1  2  3  4  5  6  7  8 |
---------------+-------------------------+-----
Ranged Weapons | 5 6 8 9 |  9.3
Fighting       | 3 4 5 6 |  6.6
Armour         | 1 |  1.6
Dodging        | 2 3 |  3.1
Invocations    | 4 |  4.5
Stealth        | |  1.1

Action                     |  1- 3 |  4- 6 |  7- 9 || total
---------------------------+-------+-------+-------++-------
   Fire: Shortbow          |    67 |   215 |    76 ||   358
         Orcbow            |       |       |   181 ||   181
 Invoke: Heroism           |       |       |     6 ||     6
    Use: Scroll            |     3 |     4 |    10 ||    17
         Potion            |     2 |     4 |     2 ||     8
 Armour: Leather armour    |    12 |       |    61 ||    73
         Ring mail         |       |   165 |    50 ||   215
  Dodge: Dodged            |    10 |   141 |   118 ||   269

Table legend:
 A = Non-vault XP
 B = Vault XP
 C = Vault XP percentage of total XP
 D = Non-vault monster count
 E = Vault monster count
 F = Vault count percentage of total count
                 A         B        C        D         E       F
            +---------+---------+-------+---------+---------+-------
      Total |    2030 |     760 |  27.2 |     115 |       8 |   6.5
            +---------+---------+-------+---------+---------+-------
        D:1 |      18 |       0 |   0.0 |      12 |       0 |   0.0
        D:2 |       9 |      75 |  89.3 |       4 |       2 |  33.3
        D:3 |      66 |       0 |   0.0 |      22 |       0 |   0.0
        D:4 |     172 |     185 |  51.8 |      22 |       4 |  15.4
        D:5 |     389 |       0 |   0.0 |      20 |       0 |   0.0
        D:6 |    1108 |     115 |   9.4 |      18 |       1 |   5.3
        D:7 |     268 |     385 |  59.0 |      17 |       1 |   5.6
            +---------+---------+-------+---------+---------+-------
